AoeStats
← powerkek

Fortress

509321222Analyzed
4v4 RM · 5d ago on Sep 26, 2026· 71m 33s· 8 players
Game mode
Random Map
Map size
Huge
Population
200
Speed
Normal
Resources
Standard
Victory
Conquest
Starting age
Dark Age
Ending age
Imperial Age
RankedLock teamsTeams togetherTeam positionsShared explorationLock speedFull tech treeHidden civsTurbo modeCheats
Victory
Defeat
994
+15
🇮🇳 Tatars · India
919
+18
🇪🇸 Khmer · Spain
907
+18
🇩🇪 Danes · Germany
878
+20
🇳🇱 Teutons · Netherlands
982
-19
🇸🇰 Bohemians · Slovakia
962
-18
🇸🇰 Koreans · Slovakia
955
-17
🇪🇸 Saracens · Spain
950
-17
Thepunisherr498
9:45 Feudal Age
14:53 Castle Age
13:40 Double-Bit Axe
13:49 Gold Mining
13:42 Horse Collar
15:16 Forging
15:11 Scale Barding Armor
21:48 Bow Saw
22:52 Iron Casting
22:38 Chain Barding Armor
22:09 Fletching
22:19 Padded Archer Armor
22:58 Gold Shaft Mining
29:04 Imperial Age
28:04 Bloodlines
27:55 Husbandry
28:59 Wheelbarrow
30:46 Blast Furnace
31:49 Plate Barding Armor
31:22 Elite Mameluke
33:55 Conscription
50:38 Light Cavalry
52:14 Hussar
Iraqi Fairy Queen
5:49 Loom
7:34 Feudal Age
9:12 Horse Collar
10:28 Double-Bit Axe
13:50 Castle Age
13:14 Forging
19:23 Redemption
21:14 Wheelbarrow
22:15 Sanctity
22:15 Fervor
27:51 Imperial Age
27:58 Chemistry
29:03 Wagenburg Tactics
42:20 Pikeman
43:37 Iron Casting
43:03 Scale Mail Armor
44:01 Halberdier
44:44 Squires
53:44 Caravan
55:06 Houfnice
55:23 Man-at-Arms
56:10 Long Swordsman
57:26 Hand Cart
56:58 Two-Handed Swordsman
58:45 Champion
60:32 Blast Furnace
59:48 Chain Mail Armor
60:19 Capped Ram
63:38 Town Watch
64:29 Town Patrol
powerkek
8:31 Feudal Age
12:19 Castle Age
10:15 Double-Bit Axe
10:30 Fletching
10:48 Horse Collar
12:05 Wheelbarrow
13:10 Bow Saw
12:57 Bodkin Arrow
13:40 Loom
15:18 Heavy Plow
16:18 Town Watch
16:51 Gold Mining
19:21 Eupseong
19:30 Eupseong
22:40 Gold Shaft Mining
23:00 Stone Mining
24:19 Hand Cart
30:27 Imperial Age
27:58 Town Patrol
29:09 Thumb Ring
29:33 Ballistics
31:51 Fortified Wall
32:21 Shinkichon
35:03 Chemistry
34:57 Conscription
34:54 Bracer
35:11 Masonry
35:54 Heavy Rocket Cart
38:56 Stone Shaft Mining
38:29 Caravan
58:21 Elite Skirmisher
61:23 Elite War Wagon
taisho84
8:28 Feudal Age
9:20 Double-Bit Axe
9:18 Horse Collar
15:53 Castle Age
14:09 Stone Mining
18:07 Bow Saw
17:58 Heavy Plow
18:09 Loom
28:08 Imperial Age
26:30 Pikeman
28:19 Squires
28:35 Masonry
28:18 Fletching
28:28 Scale Mail Armor
29:28 Wheelbarrow
29:17 Crenellations
30:02 Chemistry
30:07 Two-Man Saw
30:30 Hand Cart
30:28 Halberdier
32:07 Conscription
32:17 Capped Ram
35:08 Ballistics
34:34 Arrowslits
35:06 Forging
34:56 Bodkin Arrow
35:01 Padded Archer Armor
35:17 Chain Mail Armor
36:20 Arson
39:10 Hoardings
39:53 Heavy Scorpion
41:54 Elite Skirmisher
44:23 Fortified Wall
44:50 Iron Casting
44:46 Plate Mail Armor
44:31 Leather Archer Armor
59:53 Caravan
66:12 Elite Teutonic Knight
Ezio
2:48 Loom
8:20 Feudal Age
11:57 Castle Age
13:21 Caravan
13:59 Double-Bit Axe
16:08 Gold Mining
17:41 Fletching
20:03 Horse Collar
25:45 Bodkin Arrow
28:47 Padded Archer Armor
30:20 Leather Archer Armor
33:07 Imperial Age
32:10 Bloodlines
32:04 Husbandry
33:11 Heavy Cavalry Archer
35:02 Bracer
36:07 Ring Archer Armor
36:47 Coinage
37:15 Conscription
39:34 Elite Skirmisher
44:07 Wheelbarrow
43:56 Silk Armor
45:34 Chemistry
63:45 Ballistics
70:58 Siege Engineers
72:07 Timurid Siegecraft
imbatibles5
1:14 Loom
7:24 Feudal Age
8:07 Horse Collar
8:15 Double-Bit Axe
8:22 Town Watch
14:45 Castle Age
12:48 Gold Mining
13:08 Fletching
16:10 Bodkin Arrow
20:02 Heavy Plow
28:24 Imperial Age
27:42 Wheelbarrow
27:57 Bloodlines
28:14 Ballistics
28:09 Fortified Wall
27:56 Stone Mining
29:32 Double Crossbow
30:20 Light Cavalry
32:00 Scale Barding Armor
31:55 Bracer
32:06 Hussar
35:05 Forging
35:16 Chain Barding Armor
35:34 Hoardings
38:08 Chemistry
37:49 Husbandry
42:13 Elite Ballista Elephant
44:35 Plate Barding Armor
44:36 Iron Casting
48:55 Blast Furnace
52:03 Stone Shaft Mining
52:35 Murder Holes
56:17 Crop Rotation
58:25 Scale Mail Armor
58:26 Padded Archer Armor
58:56 Capped Ram
60:57 Siege Ram
Not Dwight Kurt Schrute III
6:48 Feudal Age
10:51 Castle Age
9:11 Double-Bit Axe
14:06 Loom
16:32 Horse Collar
20:03 Wheelbarrow
19:14 Town Watch
20:19 Town Watch
22:20 Padded Archer Armor
25:50 Imperial Age
25:54 Siege Engineers
26:55 Thunderclap Bombs
28:12 Hand Cart
27:57 Town Patrol
28:18 Caravan
32:10 Town Patrol
32:31 Gold Mining
32:45 Heavy Plow
34:45 Leather Archer Armor
37:18 Gold Shaft Mining
38:29 Elite Iron Pagoda
45:00 Bow Saw
47:39 Forging
47:37 Scale Barding Armor
49:56 Bloodlines
49:47 Husbandry
51:35 Iron Casting
59:13 Squires
62:03 Fortified Bastions
62:10 Husbandry
72:11 Coinage
71:51 Guilds
71:44 Scale Mail Armor
71:36 Fletching
72:51 Blast Furnace
72:11 Chain Barding Armor
sascha.n.89
8:04 Feudal Age
8:38 Horse Collar
8:47 Double-Bit Axe
13:17 Wheelbarrow
16:07 Castle Age
14:06 Gold Mining
14:50 Scale Mail Armor
15:02 Scale Mail Armor
17:26 Hand Cart
17:52 Gold Shaft Mining
17:23 Heavy Plow
18:33 Bow Saw
22:36 Imperial Age
20:47 Stone Mining
23:31 Hand Cart
23:55 Loom
25:27 Stone Mining
26:48 Stone Shaft Mining
27:15 Chain Mail Armor
27:16 Forging
26:32 Onager
27:36 Conscription
30:50 Siege Engineers
32:08 Elite Jomsviking
33:39 Northmen's Fury
35:02 Siege Onager
36:50 Caravan
41:42 Chemistry
41:05 Chain Mail Armor
41:00 Forging
50:38 Plate Mail Armor
50:44 Iron Casting
55:55 Pikeman
55:58 Elite Varangian Guard
56:39 Squires
56:30 Gambesons
57:51 Blast Furnace
59:22 Arson
Connection lost

Rejoining the realm…

Still unreachable

The connection could not be restored.

Session expired

The server has moved on; the page needs a fresh start.